Map: Ancient Cistern LE

Players

SLicKcHeeZEE - Winner!

  • Race: Zerg Zerg
  • Spawn Location: 7:00

A.I. 1 (Very Hard)

  • Race: Terran Terran
  • Spawn Location: 1:00

VOD

Have the link to the VOD?

Description

Time

  • Played on: Sept. 3, 2026, 2:55 p.m.
  • Length: 21:47
Show
View Real Time Build Order
Export as new Build Order

SLicKcHeeZEE Zerg - Winner!

Build Orders: Hatch First, Roach Hydra 

Get SALT Encoding   

  8  0:00  Drone  
  9  0:12  Drone  
  10  0:16  Drone  
  11  0:27  Overlord  
  11  0:33  Drone  
  12  0:45  Drone x2  
  14  0:52  Drone  
  15  1:12  Hatchery  
  15  1:16  Drone  
  15  1:20  Drone  
  16  1:35  Spawning Pool  
  16  1:37  Extractor  
  14  1:40  Drone  
  14  1:43  Drone  
  16  1:47  Drone  
  16  1:51  Drone  
  18  2:01  Overlord  
  18  2:11  Drone  
  19  2:22  Queen  
  21  2:27  Queen  
  23  2:34  Drone x2  
  25  2:40  Overlord  
  25  2:46  Drone  
  25  2:47  Drone  
  25  2:50  Drone  
  28  2:54  Drone  
  28  2:57  Drone  
  30  3:02  Overlord  
  30  3:12  Lair  
  30  3:20  Roach Warren  
  30  3:21  Extractor  
  30  3:24  Drone  
  30  3:25  Drone  
  30  3:28  Overlord  
  30  3:42  Drone x3  
  30  3:46  Drone x2  
  30  3:47  Drone  
  36  3:51  Drone  
  37  3:57  Overlord  
  37  4:06  Roach x2  
  37  4:07  Roach x2  
  45  4:16  Hydralisk Den  
  44  4:33  Extractor  
  44  4:37  Evolution Chamber, Hatchery  
  41  4:41  Evolution Chamber  
  41  4:44  Glial Reconstitution  
  40  4:48  Hydralisk x2  
  40  4:52  Grooved Spines  
  44  4:58  Drone x3  
  47  5:00  Drone x2  
  47  5:04  Overlord  
  49  5:11  Zerg Missile Weapons Level 1  
  49  5:22  Zerg Ground Armor Level 1  
  49  5:29  Queen  
  51  5:46  Drone x3  
  51  5:47  Drone x2, Extractor  
  55  5:59  Muscular Augments  
  55  6:15  Drone x3  
  58  6:20  Roach x3, Hydralisk x2  
  58  6:21  Roach x2, Hydralisk  
  58  6:22  Roach  
  76  7:03  Overlord x3  
  76  7:19  Zerg Ground Armor Level 2, Zerg Missile Weapons Level 2  
  76  7:33  Hatchery  
  75  7:39  Roach x3, Hydralisk x2  
  75  7:41  Hydralisk x2, Roach x3  
  75  7:43  Overlord x2  
  95  7:53  Drone x2  
  95  7:55  Drone x3  
  100  8:12  Queen  
  102  8:24  Overlord x2  
  102  8:36  Roach x3, Hydralisk x2  
  102  8:37  Roach x2  
  102  8:38  Overlord  
  102  8:39  Overlord x2  
  70  9:16  Queen  
  72  9:40  Overlord x3  
  72  9:48  Roach  
  72  9:49  Roach x2  
  72  9:50  Hydralisk x2  
  82  9:53  Hydralisk x2, Roach x3  
  82  9:54  Hydralisk x2, Roach x3  
  82  9:55  Hydralisk x2, Roach x3  
  82  9:56  Hydralisk x2, Roach x3  
  82  9:57  Roach x2  
  126  10:21  Overlord x2  
  126  10:27  Hydralisk x2, Roach x3  
  126  10:28  Hydralisk, Roach x3  
  142  10:30  Roach  
  146  11:06  Hydralisk x2, Roach x3  
  146  11:07  Hydralisk x2, Roach x3  
  146  11:08  Hydralisk, Roach x3  
  174  11:42  Hydralisk x6  
  174  11:43  Hydralisk  
  188  11:49  Ravager x3  
  188  11:50  Ravager  
  188  11:51  Ravager  
  193  13:01  Extractor  
  193  13:02  Extractor  
  191  13:12  Infestation Pit  
  104  14:35  Hydralisk x2, Roach x3  
  104  14:36  Hydralisk x2, Roach x3  
  104  14:37  Roach x3  
  126  14:43  Roach x3, Hydralisk x2  
  126  14:44  Hydralisk x2, Roach  
  126  14:45  Roach x4, Hydralisk  
  150  14:46  Hydralisk x3, Roach x2  
  150  14:47  Roach x4, Hydralisk x2  
  150  14:48  Roach x4, Hydralisk x2  
  150  14:49  Roach x2  
  190  15:26  Extractor  
  189  15:28  Extractor  
  188  16:15  Ravager x3  
  188  16:16  Ravager  
  154  16:59  Roach x3, Hydralisk x2  
  154  17:00  Hydralisk x2, Roach x3  
  154  17:01  Hydralisk x2, Roach x3  
  148  17:44  Hydralisk x2, Roach x3  
  148  17:45  Hydralisk x3, Roach x3  
  148  17:48  Roach x3, Hydralisk  
  148  17:49  Roach  
  136  18:53  Hydralisk  
  136  18:54  Hydralisk x9  
  156  20:07  Zergling x12  
  156  20:08  Zergling x12  
Show
View Real Time Build Order
Export as new Build Order

A.I. 1 (Very Hard) Terran 

Build Orders:  

Get SALT Encoding   

  8  0:00  SCV  
  9  0:13  SCV  
  10  0:25  SCV  
  11  0:37  SCV  
  12  0:46  Supply Depot  
  12  0:49  SCV  
  13  1:08  SCV  
  14  1:13  Barracks  
  14  1:20  SCV  
  15  1:32  SCV  
  16  1:44  SCV  
  17  1:50  Supply Depot  
  17  1:56  Refinery, SCV  
  17  1:59  Marine  
  20  2:08  SCV  
  20  2:17  Marine  
  20  2:18  Barracks  
  20  2:20  SCV  
  22  2:27  Refinery  
  22  2:32  SCV  
  22  2:35  Marine  
  24  2:44  Supply Depot, SCV  
  25  2:53  Marine  
  25  2:57  SCV  
  27  3:05  Marine  
  28  3:08  Factory  
  28  3:09  SCV  
  29  3:14  Marine  
  30  3:21  SCV  
  30  3:22  Marine  
  32  3:32  Marine  
  32  3:33  SCV  
  34  3:40  Marine  
  35  3:45  SCV  
  36  3:57  SCV  
  36  3:59  Supply Depot  
  37  4:21  Marine x2, SCV, Starport  
  40  4:33  SCV  
  41  4:38  Marine x2  
  41  4:45  SCV  
  44  4:50  Barracks  
  44  4:57  SCV  
  45  5:00  Supply Depot  
  45  5:14  Factory  
  45  5:17  Starport  
  45  5:21  SCV, Siege Tank  
  45  5:25  Supply Depot  
  49  5:30  Barracks Tech Lab  
  49  5:33  SCV  
  50  5:45  SCV  
  50  5:49  Marine, Stimpack, Barracks Tech Lab, Barracks Reactor  
  52  5:53  Siege Tank  
  52  5:55  Supply Depot  
  55  5:57  Command Center  
  55  5:58  SCV  
  56  6:07  Marauder  
  56  6:10  Marauder  
  60  6:20  Supply Depot  
  60  6:26  Siege Tank  
  60  6:29  Marauder  
  60  6:31  Marauder  
  67  6:44  Supply Depot  
  67  6:50  Marauder  
  67  6:53  Marauder  
  71  6:58  Siege Tank  
  74  7:02  Combat Shield  
  74  7:09  SCV  
  74  7:10  SCV  
  74  7:12  Marauder  
  78  7:22  SCV x2  
  80  7:27  Marauder  
  82  7:32  Concussive Shells  
  82  7:33  Marauder  
  82  7:34  SCV x2  
  86  7:41  Supply Depot  
  86  7:46  SCV  
  86  7:47  SCV  
  86  7:49  Marauder  
  86  7:51  Engineering Bay  
  90  7:58  SCV  
  91  7:59  SCV, Refinery  
  92  8:07  Refinery  
  92  8:10  SCV  
  92  8:11  Engineering Bay  
  93  8:12  Orbital Command  
  93  8:17  Terran Infantry Armor Level 1  
  93  8:18  Missile Turret  
  93  8:21  Missile Turret  
  93  8:23  SCV  
  93  8:26  Barracks  
  94  8:30  Supply Depot, Starport Reactor  
  94  8:34  Medivac  
  94  8:35  SCV  
  94  8:36  Terran Infantry Weapons Level 1  
  94  8:38  SCV  
  98  8:42  Marine  
  98  8:44  Marine  
  100  8:49  Marauder  
  100  8:52  Marauder  
  90  9:00  Marine  
  90  9:02  Marine  
  73  9:04  Medivac  
  73  9:05  Siege Tank  
  73  9:09  Marine  
  65  9:12  Marine  
  65  9:13  Marauder  
  69  9:18  Marine  
  69  9:20  Marine  
  69  9:21  Widow Mine  
  73  9:28  Marauder  
  73  9:29  Missile Turret  
  73  9:30  Marine  
  76  9:35  Marauder, Starport Tech Lab  
  76  9:36  Marine  
  76  9:38  Siege Tank  
  82  9:42  Marine, Widow Mine  
  85  9:49  Marine  
  86  9:53  Marine  
  86  9:54  Marine  
  86  9:56  Marauder  
  86  9:57  Raven  
  92  10:00  Marine  
  92  10:04  Widow Mine  
  92  10:06  Missile Turret  
  97  10:07  Marauder  
  97  10:10  Siege Tank  
  97  10:11  Marine  
  101  10:14  Command Center  
  101  10:19  Supply Depot  
  103  10:21  Marauder  
  105  10:28  Marauder  
  105  10:36  Widow Mine  
  105  10:42  Siege Tank, Marauder  
  112  10:45  Armory  
  112  10:53  Supply Depot  
  112  10:54  Marauder  
  116  11:04  Marauder  
  116  11:07  Missile Turret  
  116  11:08  Raven  
  116  11:11  Medivac  
  120  11:13  Factory Tech Lab  
  120  11:15  Siege Tank  
  123  11:19  Supply Depot  
  123  11:27  SCV, Orbital Command  
  123  11:28  SCV  
  123  11:31  Siege Tank  
  128  11:34  Terran Infantry Weapons Level 2  
  128  11:35  Terran Vehicle Weapons Level 1  
  128  11:39  SCV  
  129  11:40  SCV  
  130  11:50  Missile Turret  
  130  11:51  SCV  
  130  11:52  SCV  
  130  11:54  Armory, SCV  
  133  11:56  Missile Turret  
  133  12:03  SCV  
  133  12:05  SCV  
  133  12:06  SCV, Supply Depot  
  136  12:14  Hi-Sec Auto Tracking  
  136  12:15  SCV  
  137  12:21  Barracks, Barracks Tech Lab  
  137  12:22  Command Center  
  137  12:28  Orbital Command, Medivac  
  139  12:31  Hellion  
  139  12:35  Supply Depot, Hellion  
  143  12:41  Terran Vehicle And Ship Armor Level 1  
  143  12:52  Factory, Hellion  
  143  12:53  Refinery  
  143  12:56  Cyclone  
  148  12:59  Supply Depot  
  148  13:03  Refinery  
  148  13:11  Neosteel Armor  
  148  13:14  Hellion  
  148  13:15  Infernal Pre-Igniter, SCV x2  
  152  13:20  Marine  
  152  13:23  Marine  
  152  13:24  Supply Depot, Marine  
  152  13:25  SCV  
  156  13:27  SCV  
  156  13:28  SCV  
  156  13:29  Siege Tank, Marine, Medivac  
  164  13:34  SCV  
  164  13:35  Hellion  
  164  13:37  Hellion  
  164  13:40  SCV  
  170  13:42  SCV  
  170  13:43  SCV, Refinery  
  170  13:46  Planetary Fortress, Missile Turret  
  170  13:48  Missile Turret  
  172  13:50  Supply Depot  
  172  13:54  Terran Infantry Weapons Level 3  
  172  13:56  Hellion  
  172  13:59  Factory Tech Lab  
  172  14:01  Cyclone  
  177  14:11  Marauder  
  177  14:12  Marauder x2, Factory  
  177  14:13  Command Center  
  155  14:18  Hellion, Siege Tank  
  155  14:23  SCV  
  124  14:25  Marine  
  124  14:27  Marine x2  
  124  14:30  SCV  
  99  14:32  SCV, Marine  
  99  14:33  SCV, Marauder  
  99  14:34  Marine  
  89  14:40  Hellion  
  89  14:43  Marine  
  89  14:45  Marine  
  79  14:57  Marine  
  80  15:03  Siege Tank  
  80  15:05  SCV  
  84  15:07  SCV, Command Center  
  84  15:08  SCV  
  84  15:13  Hellion  
  88  15:15  Hellion  
  88  15:17  SCV  
  88  15:19  SCV  
  88  15:20  SCV  
  93  15:24  Marine  
  93  15:26  Marine  
  93  15:27  Marine  
  96  15:29  Marine, SCV  
  96  15:30  Marine  
  96  15:32  SCV  
  96  15:33  SCV  
  96  15:34  Siege Tank, SCV  
  105  15:40  Siege Tank  
  105  15:41  SCV, Marine  
  110  15:44  SCV, Marine  
  110  15:45  SCV  
  110  15:47  SCV  
  110  15:49  Marine  
  115  15:50  Marine  
  115  15:52  Marine  
  115  15:53  Marine, SCV  
  115  15:56  SCV  
  120  15:57  SCV  
  120  15:59  Marine, SCV  
  120  16:01  Siege Tank  
  126  16:06  Siege Tank  
  129  16:12  Siege Tank  
  129  16:13  Hellion  
  134  16:20  Missile Turret  
  134  16:21  Missile Turret, Orbital Command  
  134  16:25  Missile Turret  
  134  16:26  Marauder  
  134  16:28  Marine x2  
  134  16:32  Marine  
  119  16:33  Marine, Siege Tank  
  119  16:34  Marine, Hellion  
  119  16:38  Hellion  
  108  16:44  Hellion  
  108  16:46  Marine x2  
  99  16:47  Marauder  
  99  16:49  Marine  
  99  16:51  Marauder  
  99  16:52  Marine  
  105  16:59  Siege Tank  
  108  17:03  Marine  
  108  17:04  Marine  
  108  17:05  Hellion, Siege Tank x2  
  108  17:07  Marine  
  108  17:08  SCV  
  119  17:09  Marauder, Marine  
  119  17:11  SCV  
  119  17:12  Marine  
  115  17:21  Marine  
  115  17:22  Marine  
  97  17:23  SCV  
  97  17:25  Marine, SCV  
  97  17:26  SCV  
  97  17:27  Marine  
  100  17:30  Marine  
  100  17:31  Marauder, Siege Tank, Command Center  
  100  17:32  Hellion  
  100  17:35  SCV  
  101  17:38  SCV, Hellion  
  101  17:42  SCV  
  101  17:43  Marauder  
  89  17:45  Marine  
  89  17:46  Marine  
  89  17:47  SCV, Marine  
  89  17:49  Marine  
  80  17:52  Marine  
  80  17:55  SCV  
  69  18:03  Marine  
  59  18:06  SCV  
  59  18:07  SCV  
  46  18:14  Marine x2  
  46  18:15  Hellion  
  46  18:16  Marine  
  46  18:18  SCV  
  35  18:35  Marine  
  35  18:38  Command Center  
  35  18:39  Marine x2  
  29  18:42  Marine  
  29  18:43  Marine  
  29  18:46  Marine  
  30  18:53  Marine  
  30  18:55  Command Center  
  31  18:58  Marine  
  31  19:01  Marine x2  
  30  19:03  Marine  
  30  19:06  Marine  
  32  19:15  Hellion  
  20  19:49  Command Center  
  18  20:19  Command Center  
Tags
 
Composition
Roach Hydra
Matchup
TvZ
Spawn Locations
Cross Positions
Add a new tag
Caveats
  • Supply blocks, unpowered buildings, or Contaminate may cause inaccurate times.
  • Supply counts are checked every 10 seconds.